 Dungeon Crawl Stone Soup version 0.17-a0-1435-geafbe2f (webtiles) character file.

71528 talosparoxi the Warrior (level 14, -14/126 HPs)
             Began as a Minotaur Berserker on June 24, 2015.
             Was the Champion of Trog.
             Killed by angry trees
             ... awakened by a spriggan druid
              (16 damage)
             ... on level 4 of the Swamp on June 27, 2015.
             The game lasted 04:03:02 (22083 turns).

talosparoxi the Warrior (Minotaur Berserker)       Turns: 22083, Time: 04:03:02

Health: -14/126    AC: 14    Str: 29    XL:     14   Next: 98%
Magic:  23/23      EV: 28    Int:  4    God:    Trog [******]
Gold:   1385       SH:  5    Dex: 16    Spells: 0 memorised, 13 levels left

rFire  . . .     SeeInvis .     b - +4 flail (protect)
rCold  . . .     Clarity  .     e - +0 leather armour "Abadoacs" {MP+9 Slay+3}
rNeg   . . .     SustAt   .     I - +0 buckler
rPois  +         Gourm    .     A - +1 hat
rElec  .         Spirit   .     o - +0 cloak
rCorr  .         Warding  .     (no gloves)
rMut   .         Stasis   .     V - +1 pair of boots of the Republic {rPois Dex+4}
MR     +++..                    L - amulet of faith
Stlth  +.........               F - +4 ring of strength
                                i - +5 ring of evasion

@: exhausted, regenerating, hasted and slowed, extremely resistant to hostile
enchantments, very unstealthy
A: retaliatory headbutt, horns 2, frail 1, high mp 1
a: Burn Spellbooks, Berserk, Trog's Hand, Brothers in Arms, Renounce Religion


You were on level 4 of the Swamp.
You worshipped Trog.
Trog was exalted by your worship.
You were not hungry.

You visited 3 branches of the dungeon, and saw 20 of its levels.
You also visited: Sewer and Volcano.

You collected 1385 gold pieces.

Inventory:

Hand weapons
 a - the +8 rapier "Dragon's Tongue" {drain, MR+}
   (You found it on level 4 of the Dungeon)

   A truly terrible weapon, it drains the life of those it strikes.
   It affects your resistance to hostile enchantments.
 b - a +4 flail of protection (weapon)
 m - a +1 greatsling of evasion
 x - the +7 quick blade "Ugraomeg" {vamp, rElec}
   (Trog gifted it to you on level 2 of the Lair of Beasts)

   It inflicts no extra harm, but heals its wielder somewhat when it strikes a
   living foe.
   It insulates you from electricity.
 W - the +4 short sword "Minesog" {pierce, *Noise rN+++ MR- Str+2}
   (You found it on level 5 of the Lair of Beasts)

   It inflicts extra damage upon your enemies.
   It affects your strength (+2).
   It renders you almost immune to negative energy.
   It affects your resistance to hostile enchantments.
   It may make noises in combat.
Missiles
 d - 2 javelins
 g - 376 stones (quivered)
 E - 4 tomahawks
Armour
 e - the +0 leather armour "Abadoacs" (worn) {MP+9 Slay+3}
   (You found it on level 6 of the Dungeon)

   It affects your accuracy and damage with ranged weapons and melee attacks
   (+3).
   It affects your magic capacity (+9).
 j - a +2 ring mail of cold resistance
 l - a +2 leather armour of poison resistance
 o - a +0 cloak (worn)
 s - a +0 leather armour of magic resistance
 A - a +1 hat (worn)
 I - a +0 buckler (worn)
 Q - a +3 ring mail of fire resistance
 V - the +1 pair of boots of the Republic (worn) {rPois Dex+4}
   (You found it on level 2 of the Lair of Beasts)

   It affects your dexterity (+4).
   It protects you from poison.
Jewellery
 i - a +5 ring of evasion (left hand)
 t - an uncursed ring of protection from cold
 F - a +4 ring of strength (right hand)
 J - an uncursed ring of sustain attributes
 L - an amulet of faith (around neck)
Magical devices
 Y - a wand of hasting (7)
Scrolls
 k - a scroll of blinking
 u - 3 scrolls of enchant armour
 v - 2 scrolls of silence
 y - 3 scrolls of identify
 B - 2 scrolls of fear
 G - 8 scrolls of remove curse
 K - 3 scrolls of teleportation
Potions
 p - 2 potions of resistance
 r - 8 potions of curing
 w - 2 potions of haste
 C - 3 potions of invisibility
 H - a potion of magic
 M - a potion of berserk rage
 N - 2 potions of agility
 P - 3 potions of flight
 R - 2 potions of lignification
 S - 2 potions of brilliance
 T - a potion of might
Miscellaneous
 h - a plain deck of summoning {drawn: 2}
 U - a lamp of fire
 X - a phantom mirror
Comestibles
 c - 5 bread rations
 f - 19 fruits
 n - 4 beef jerkies
 q - 5 meat rations
 z - 6 royal jellies
 D - a chunk of flesh


   Skills:
 * Level 17.1 Fighting
 + Level 13.2 Short Blades
   Level 5.4(5.8) Axes
 + Level 2.8(4.5) Maces & Flails
 - Level 3.2(5.5) Slings
 + Level 6.4(6.7) Throwing
 + Level 8.9 Armour
 + Level 15.7 Dodging
 + Level 2.8 Shields


You had 13 spell levels left.
You didn't know any spells.

Dungeon Overview and Level Annotations

Branches:
Dungeon (10/15)            Temple (0/1) D:5            Lair (6/8) D:10
  Swamp (4/4) Lair:6        Snake (0/4) Lair:4          Orc (0/4) D:9
  Slime: Lair:6-8

Altars:
Cheibriados
Kikubaaqudgha
Makhleb
Qazlal
Ru
Sif Muna
Xom
The Shining One


Innate Abilities, Weirdness & Mutations

You reflexively headbutt those who attack you in melee.
You have a pair of horns on your head.
You are frail (-10% HP).
You have an increased reservoir of magic (+10% MP).


Message History

You headbutt the insubstantial wisp.
The insubstantial wisp blinks!
The bog body points at you and mumbles some strange words.
The bolt of cold misses you.
The insubstantial wisp thrums sharply.
You are struck by lightning.
* * * LOW HITPOINT WARNING * * *
The lightning grounds out.
The seven-headed hydra is struck by lightning.
The lightning arcs!
The spriggan druid gestures wildly while chanting.
The forest starts to sway and rumble!
A spiny frog comes into view.
Read which item? (? for menu, Esc to quit)
Okay, then.
Drink which item? (? for menu, Esc to quit)
You feel yourself speed up. A tree reaches out and hits you!
* * * LOW HITPOINT WARNING * * *
Tree limbs sway around you. A tree reaches out and hits you!
You die...

♣♣♣♣ ♣♣..≈♣
♣.≈≈.♣♣ ♣.≈≈≈≈♣♣♣
♣♣♣♣♣♣♣.≈≈≈....
♣♣DJ<≈♣(}≈≈≈..≈≈
♣♣♣≈♣.....<≈≈≈.≈.≈
#@v.v.≈≈≈..≈≈≈..≈≈
##vD§.≈≈≈≈$....(§≈
#.≈..≈≈≈≈††≈≈.§≈≈
#n.DD≈≈≈†.≈≈≈≈≈≈≈
#≈≈D♣♣v††)≈≈≈§≈≈≈
#≈≈k.♣...<≈≈≈≈...
≈iF..≈≈≈†≈≈..≈≈≈♣
.≈≈≈≈≈≈≈≈≈.≈≈.≈≈.≈
≈≈≈≈≈≈≈≈≈≈≈≈≈≈≈..


You could see 2 seven-headed hydras, 3 swamp dragons, a slime creature
(fleeing), a spriggan druid, a bog body, a spiny frog, a swamp drake (fleeing)
and 4 insubstantial wisps.

Vanquished Creatures
  A tentacled monstrosity (Swamp:2)
  Roxanne (Swamp:1)
  A very ugly thing (Swamp:3)
  Josephine (D:10)
  5 hydras
  A ghost crab (Swamp:3)
  7 alligators
  A catoblepas (Lair:4)
  A spriggan berserker (Swamp:1)
  6 spriggans
  6 swamp dragons
  4 spriggan druids
  2 shambling mangroves (Swamp:3)
  A lindwurm (Volcano)
  A hill giant (D:10)
  An oklob plant (Lair:6)
  A griffon (Lair:5)
  An ugly thing (D:9)
  3 black mambas
  2 molten gargoyles (Volcano)
  5 elephants (Lair:4)
  Psyche (D:9)
  18 spiny frogs
  2 gargoyles (Volcano)
  6 komodo dragons
  A fire drake (Lair:5)
  A merfolk (D:9)
  2 polar bears
  3 trolls
  23 slime creatures
  14 giant leeches
  A trapdoor spider zombie (D:9)
  4 bog bodies
  21 blink frogs
  Sigmund (D:6)
  A shadow (Swamp:2)
  2 fire elementals (Volcano)
  5 wraiths (D:10)
  18 yaks
  3 hippogriffs
  4 basilisks
  22 vampire mosquitoes
  13 insubstantial wisps
  3 wolves (Lair:3)
  Edmund (D:6)
  9 swamp worms
  11 porcupines
  5 swamp drakes
  8 water moccasins
  Purgy (Sewer)
  13 wasps
  3 phantoms
  4 orc warriors
  A black bear (D:10)
  2 ogres
  3 centaurs
  A necrophage (D:8)
  12 giant frogs
  2 big kobolds
  7 crocodiles
  Blork the orc (D:6)
  A water moccasin zombie (D:6)
  4 scorpions
  3 killer bees (D:10)
  2 electric eels (Lair:6)
  9 wights (D:7)
  6 hounds
  2 crimson imps
  A centaur zombie (D:9)
  2 giant frog zombies (D:10)
  4 iguanas
  A jelly (D:8)
  3 orc priests
  7 worker ants
  5 orc wizards
  22 sheep
  2 killer bee zombies
  3 hound skeletons
  9 adders
  A shadow imp (D:9)
  54 river rats
  12 white imps (Lair:2)
  2 adder skeletons
  A worm (D:4)
  4 giant geckos
  44 orcs
  2 bat skeletons
  4 giant cockroaches
  16 goblins
  11 hobgoblins
  15 jackals
  2 quokkas
  8 bats
  4 giant newts
  24 kobolds
  A quokka skeleton (D:5)
  2 quokka zombies
  15 rats
  A butterfly (Lair:6)
  7 fungi
  2 plants
623 creatures vanquished.

Vanquished Creatures (collateral kills)
  Rupert (Lair:6)
  2 vampire mosquitoes (Lair:6)
  A giant frog (Lair:6)
4 creatures vanquished.

Vanquished Creatures (others)
  2 alligators
  A fire vortex (Volcano)
  2 spriggans
  A swamp worm (Swamp:3)
  A swamp drake (Swamp:4)
  3 wasps
  2 fungi
12 creatures vanquished.

Grand Total: 639 creatures vanquished

Notes
Turn   | Place    | Note
--------------------------------------------------------------
     0 | D:1      | talosparoxi the Minotaur Berserker began the quest for the Orb.
     0 | D:1      | Reached XP level 1. HP: 19/19 MP: 0/0
   255 | D:1      | Reached skill level 4 in Axes
   469 | D:1      | Reached XP level 2. HP: 27/27 MP: 1/1
   957 | D:2      | Found a deep blue altar of Sif Muna.
   958 | D:2      | Found a burning altar of Makhleb.
  1115 | D:2      | Found an ancient bone altar of Kikubaaqudgha.
  1426 | D:2      | Reached XP level 3. HP: 33/33 MP: 2/2
  1427 | D:2      | Acquired Trog's second power
  1762 | D:3      | You fall through a shaft!
  1780 | D:4      | Found a shimmering altar of Xom.
  1879 | D:4      | Found a sacrificial altar of Ru.
  1893 | D:4      | Found a stormy altar of Qazlal.
  1961 | D:4      | Found a snail-covered altar of Cheibriados.
  1968 | D:4      | Noticed a phantom
  1982 | D:4      | Reached skill level 5 in Fighting
  1982 | D:4      | Reached XP level 4. HP: 42/42 MP: 3/3
  1986 | D:4      | Killed a phantom
  1986 | D:4      | Reached XP level 5. HP: 49/49 MP: 4/4
  2025 | D:4      | Got a transparent rapier
  2186 | D:4      | Found a glowing drain.
  2191 | Sewer    | Entered a sewer
  2204 | Sewer    | Identified the +8 rapier "Dragon's Tongue" {drain, MR+} (You found it on level 4 of the Dungeon)
  2263 | Sewer    | Noticed Purgy
  2268 | Sewer    | Killed Purgy
  2268 | Sewer    | Reached skill level 6 in Fighting
  2268 | Sewer    | Reached XP level 6. HP: 54/57 MP: 5/5
  2529 | D:4      | Noticed an ogre
  2531 | D:4      | Killed an ogre
  2531 | D:4      | Reached skill level 5 in Axes
  2646 | D:4      | Noticed a phantom
  2660 | D:4      | Killed a phantom
  2822 | D:3      | Reached XP level 7. HP: 64/64 MP: 6/6
  3023 | D:3      | Found a glowing golden altar of the Shining One.
  3723 | D:5      | Entered Level 5 of the Dungeon
  4330 | D:5      | Reached skill level 7 in Fighting
  4349 | D:5      | Found a staircase to the Ecumenical Temple.
  4468 | D:5      | Reached skill level 5 in Armour
  4468 | D:5      | Reached skill level 5 in Dodging
  4670 | D:6      | Gained mutation: Armour fits poorly on your strangely shaped body. [potion of mutation]
  4670 | D:6      | Gained mutation: You are clumsy. (Dex -2) [potion of mutation]
  4670 | D:6      | Gained mutation: You are partially covered in iridescent scales (AC +4). [potion of mutation]
  4759 | D:6      | Noticed a troll
  4768 | D:6      | Killed a troll
  4849 | D:6      | Reached XP level 8. HP: 64/73 MP: 7/7
  4908 | D:6      | Got a faintly glowing leather armour
  4922 | D:6      | Identified the cursed +0 leather armour "Abadoacs" {MP+9 Slay+3} (You found it on level 6 of the Dungeon)
  4932 | D:6      | Noticed Edmund
  4937 | D:6      | Killed Edmund
  5248 | D:6      | Noticed Blork the orc
  5257 | D:6      | Killed Blork the orc
  5257 | D:6      | Reached skill level 8 in Fighting
  5296 | D:6      | Noticed Sigmund
  5303 | D:6      | Killed Sigmund
  5343 | D:6      | Acquired Trog's third power
  5493 | D:7      | Reached XP level 9. HP: 77/82 MP: 8/8
  5625 | D:7      | Reached skill level 5 in Short Blades
  5701 | D:7      | Reached skill level 9 in Fighting
  5870 | D:7      | Found a snail-covered altar of Cheibriados.
  6295 | D:8      | Found a deep blue altar of Sif Muna.
  7124 | D:9      | Reached skill level 10 in Fighting
  7177 | D:9      | Noticed a green ugly thing
  7186 | D:9      | Killed a green ugly thing
  7205 | D:9      | Gained mutation: Your muscles are strong. (Str +2) [mutagenic meat]
  7206 | D:9      | Gained mutation: Your flesh is heat resistant. [mutagenic meat]
  7235 | D:9      | Reached XP level 10. HP: 57/94 MP: 9/9
  7931 | D:9      | Found a staircase to the Orcish Mines.
  7998 | D:9      | Reached skill level 11 in Fighting
  8152 | D:9      | Noticed Psyche
  8158 | D:9      | Killed Psyche
  8588 | D:10     | Entered Level 10 of the Dungeon
  8605 | D:10     | Found a staircase to the Lair.
  8685 | D:10     | Lost mutation: Your muscles are strong. (Str +2) [potion of cure mutation]
  8685 | D:10     | Lost mutation: Your flesh is heat resistant. [potion of cure mutation]
  8685 | D:10     | Lost mutation: Armour fits poorly on your strangely shaped body. [potion of cure mutation]
  8685 | D:10     | Lost mutation: You are clumsy. (Dex -2) [potion of cure mutation]
  8685 | D:10     | Lost mutation: You are partially covered in iridescent scales (AC +4). [potion of cure mutation]
  8793 | D:10     | Reached skill level 10 in Dodging
  8801 | D:10     | Noticed Josephine
  8815 | D:10     | Killed Josephine
  9003 | D:10     | Reached skill level 12 in Fighting
  9044 | D:10     | Noticed a hill giant
  9049 | D:10     | Killed a hill giant
  9049 | D:10     | Reached XP level 11. HP: 95/104 MP: 10/10
  9251 | D:10     | Received a gift from Trog
  9712 | Lair:1   | Entered Level 1 of the Lair of Beasts
  9807 | Lair:1   | Found a dark tunnel.
  9816 | Volcano  | Entered a volcano
  9864 | Volcano  | Noticed a lindwurm
  9892 | Volcano  | Killed a lindwurm
  9983 | Volcano  | Reached skill level 1 in Throwing
 10145 | Volcano  | Reached skill level 1 in Slings
 10986 | Lair:1   | Reached skill level 13 in Fighting
 11411 | Lair:2   | Found a frozen archway.
 11538 | Lair:2   | Noticed a seven-headed hydra
 11547 | Lair:2   | Killed a seven-headed hydra
 11733 | Lair:2   | Received a gift from Trog
 11764 | Lair:2   | Got a jewelled quick blade {god gift}
 11768 | Lair:2   | Identified the +7 quick blade "Ugraomeg" {vamp, rElec} (Trog gifted it to you on level 2 of the Lair of Beasts)
 12129 | Lair:2   | Got a pair of twisted boots
 12140 | Lair:2   | Identified the +1 pair of boots of the Republic {rPois Dex+4} (You found it on level 2 of the Lair of Beasts)
 12231 | Lair:2   | Reached XP level 12. HP: 115/115 MP: 11/11
 12281 | Lair:3   | Reached skill level 1 in Maces & Flails
 12766 | Lair:3   | Identified a scroll of acquirement
 13004 | Lair:3   | Reached skill level 10 in Short Blades
 13444 | Lair:4   | Reached skill level 14 in Fighting
 13781 | Lair:4   | Found a staircase to the Snake Pit.
 13815 | Lair:4   | Received a gift from Trog
 13876 | Lair:4   | Received a gift from Trog
 14037 | Lair:4   | Noticed a catoblepas
 14058 | Lair:4   | Killed a catoblepas
 14503 | Lair:5   | Upgraded the game from 0.17-a0-1411-g06ff558 to 0.17-a0-1435-geafbe2f
 15184 | Lair:5   | Got a dazzling short sword
 15185 | Lair:5   | Identified the +4 short sword "Minesog" {pierce, *Noise rN+++ MR- Str+2} (You found it on level 5 of the Lair of Beasts)
 15517 | Lair:6   | Reached XP level 13. HP: 125/125 MP: 12/12
 15539 | Lair:6   | Noticed an eight-headed hydra
 15555 | Lair:6   | Killed an eight-headed hydra
 15875 | Lair:6   | Noticed Rupert
 15882 | Lair:6   | Killed Rupert
 15905 | Lair:6   | Reached skill level 15 in Fighting
 15978 | Lair:6   | Found a staircase to the Swamp.
 15994 | Lair:6   | Gained mutation: You have an increased reservoir of magic (+10% MP). [potion of mutation]
 15994 | Lair:6   | Gained mutation: Your spells are a little harder to cast, but a little more powerful. [potion of mutation]
 15994 | Lair:6   | Lost mutation: Your spells are a little harder to cast, but a little more powerful. [potion of mutation]
 16443 | Lair:6   | Received a gift from Trog
 16758 | Swamp:1  | Entered Level 1 of the Swamp
 17027 | Swamp:1  | Noticed Roxanne
 17055 | Swamp:1  | Killed Roxanne
 18666 | Swamp:2  | Reached skill level 1 in Shields
 18669 | Swamp:2  | Received a gift from Trog
 18671 | Swamp:2  | Reached XP level 14. HP: 136/136 MP: 14/14
 18692 | Swamp:2  | Reached skill level 16 in Fighting
 19355 | Swamp:2  | Noticed a tentacled monstrosity
 19372 | Swamp:2  | Killed a tentacled monstrosity
 19372 | Swamp:2  | Reached skill level 15 in Dodging
 19378 | Swamp:2  | HP: 5/137 [giant leech (27)]
 20128 | Swamp:3  | Reached skill level 5 in Throwing
 21366 | Swamp:3  | Received a gift from Trog
 21473 | Swamp:3  | Gained mutation: You occasionally shout uncontrollably at your foes. [mutagenic meat]
 21474 | Swamp:3  | Lost mutation: You occasionally shout uncontrollably at your foes. [mutagenic meat]
 21475 | Swamp:3  | Gained mutation: You are frail (-10% HP). [mutagenic meat]
 21871 | Swamp:4  | Entered Level 4 of the Swamp
 21884 | Swamp:4  | Reached skill level 17 in Fighting
 22083 | Swamp:4  | HP: 2/126 [spriggan druid/angry trees (11)]
 22083 | Swamp:4  | Killed from afar by a spriggan druid

Vault maps used:
D:1:      dpeg_arrival_lava_altar, roderic_roman_lattice
D:2:      grunt_temple_overflow_open, old_standard_altar
D:3:      first_bread, minmay_misc_feat_iff, tso_metal_star
D:4:      nicolae_overflow_hidden_temple, xom_teletrap_fun,
          amethyst_overflow_temple_binary, lightli_sewer_entry_pipes,
          hangedman_minor_gate_pass, uniq_crazy_yiuf_cottage
D:5:      minmay_temple_entry_statues_fountains
D:6:      uniq_edmund, uniq_blork_the_orc, uniq_sigmund
D:7:      basic_altar
D:8:      basic_altar
D:9:      david_orc_2, hangedman_fish_farm, uniq_psyche
D:10:     minmay_klotski, lair_0_dummy, uniq_josephine
Lair:1:   nicolae_volcano_entry_two_sided, grunt_forest_small_clearings,
          patterned_corridor
Lair:2:   portal_ice_cave_entry_imps
Lair:4:   dummy_snake_entry
Lair:6:   minmay_swamp_entry_swarm, serial_bayou_lagoon_a,
          infiniplex_staircase_pool, lemuel_fruit_fields, uniq_rupert
Swamp:1:  cheibrodos_swamp_heart_of_darkness, hangedman_swamp_cone, uniq_roxanne
Swamp:2:  evilmike_swamp_ruin_house_1
Swamp:3:  hangedman_swamp_pad, swamp_pool2
Swamp:4:  grunt_swamp_rune_castle, swamp_pool2, uniq_nikola
Sewer:    sewer_the_crocodile
Volcano:  volcano_aerie

Action                   |  1- 3 |  4- 6 |  7- 9 | 10-12 | 13-15 || total
-------------------------+-------+-------+-------+-------+-------++-------
Melee: Hand axe          |    79 |    11 |       |       |       ||    90
       Rapier            |       |    36 |   250 |   591 |   603 ||  1480
       Flail             |       |       |       |    17 |    42 ||    59
 Fire: Greatsling        |       |       |       |    14 |     3 ||    17
Throw: Stone             |     1 |       |     3 |    45 |   219 ||   268
       Javelin           |       |       |       |     6 |       ||     6
       Tomahawk          |       |       |       |     2 |       ||     2
Invok: Berserk           |     1 |       |       |     3 |     7 ||    11
       Burn Spellbooks   |       |       |       |     2 |     2 ||     4
       Brothers in Arms  |       |       |       |       |     1 ||     1
       Trog's Hand       |       |       |       |       |     2 ||     2
Evoke: Deck              |       |       |       |     2 |       ||     2
       Wand              |       |       |       |     1 |     2 ||     3
  Use: Scroll            |     6 |       |     8 |     8 |    16 ||    38
       Potion            |     2 |     4 |     4 |     7 |    10 ||    27
 Stab: Sleeping          |     2 |       |       |       |       ||     2
       Distracted        |       |       |       |       |     2 ||     2
  Eat: Chunk             |     3 |       |    16 |    16 |    14 ||    49
       Bread ration      |       |     1 |       |       |     4 ||     5
       Pizza             |       |       |       |     2 |       ||     2
       Fruit             |       |       |       |     3 |     3 ||     6
       Meat ration       |       |       |       |     2 |       ||     2
       Royal jelly       |       |       |       |     1 |       ||     1
       Beef jerky        |       |       |       |       |     1 ||     1
